 Dungeon Crawl Stone Soup version 0.17-a0-995-gb5fa8d7 (webtiles) character file.

3529 oplop the Arsonist (level 9, -1/78 HPs)
             Began as a Red Draconian Fire Elementalist on May 12, 2015.
             Was a Priest of Vehumet.
             Killed by divine providence
             ... invoked by an orc priest
              (14 damage)
             ... on level 8 of the Dungeon.
             The game lasted 00:19:09 (6999 turns).

oplop the Arsonist (DrFE)                           Turns: 6999, Time: 00:19:09

Health: -1/78      AC: 14    Str: 10    XL:     9   Next: 82%
Magic:  0/18       EV: 12    Int: 18    God:    Vehumet [***...]
Gold:   241        SH:  6    Dex: 13    Spells: 5 memorised, 5 levels left

rFire  + . .     SeeInvis .     r - +1 short sword (protect)
rCold  . . .     Clarity  .     (armour unavailable)
rNeg   . . .     SustAb   .     e - +1 buckler
rPois  .         Gourm    .     (helmet restricted)
rElec  .         Spirit   +     y - +0 cloak
rCorr  .         Warding  .     h - +0 pair of gloves "Qapset" {Slay+4}
rMut   .         Stasis   .     (no boots)
MR     .....                    A - amulet of guardian spirit
Stlth  ++........               E - +4 ring of slaying
                                (no ring)

@: very slightly contaminated, not resistant to hostile enchantments, unstealthy
A: breathe fire, unfitting armour, fire resistance 1, cold-blooded, AC +7
a: Breathe Fire, Renounce Religion


You were on level 8 of the Dungeon.
You worshipped Vehumet.
Vehumet was most pleased with you.
You were not hungry.

You visited 2 branches of the dungeon, and saw 9 of its levels.

You collected 269 gold pieces.
You spent 28 gold pieces at shops.

Inventory:

Hand weapons
 g - a +1 trident of freezing
 r - a +1 short sword of protection (weapon)
 s - a +0 dagger of electrocution
 K - a +2 scimitar of flaming
Armour
 e - a +1 buckler (worn)
 h - the +0 pair of gloves "Qapset" (worn) {Slay+4}
   (You found it on level 4 of the Dungeon)

   It affects your accuracy and damage with ranged weapons and melee attacks
   (+4).
 y - a +0 cloak (worn)
Jewellery
 p - an uncursed ring of fire
 x - an uncursed ring of sustain abilities
 A - an amulet of guardian spirit (around neck)
 E - a +4 ring of slaying (right hand)
Magical devices
 i - a wand of disintegration (12)
Scrolls
 f - 3 scrolls of enchant weapon
 l - 3 scrolls of remove curse
 q - 7 scrolls of identify
 t - a scroll of noise
 u - 3 scrolls of blinking
 C - a scroll of amnesia
 F - a scroll of enchant armour
 G - 2 scrolls of magic mapping
Potions
 c - a potion of agility
 d - a potion of might
 j - 2 potions of curing
 n - a potion of lignification {unknown}
 o - 6 potions of poison {unknown}
 v - 4 potions of mutation {unknown}
 w - 3 potions of brilliance {unknown}
 z - a potion of degeneration {unknown}
 B - a potion of cure mutation {unknown}
 D - 2 potions of cancellation {unknown}
 H - a potion of magic {unknown}
 I - a potion of heal wounds {unknown}
Books
 a - a book of Flames

   Spells                             Type                      Level
   a - Flame Tongue                   Conjuration/Fire             1
   b - Throw Flame                    Conjuration/Fire             2
   c - Conjure Flame                  Conjuration/Fire             3
   d - Inner Flame                    Hexes/Fire                   3
   e - Sticky Flame                   Conjuration/Fire             4
   f - Fireball                       Conjuration/Fire             5
Comestibles
 b - 8 bread rations
 k - 7 meat rations


   Skills:
 - Level 6.4 Fighting
 - Level 1.7 Dodging
 - Level 1.7 Stealth
 + Level 3.5 Shields
 + Level 6.6 Spellcasting
 + Level 7.3 Conjurations
 + Level 9.1 Fire Magic


You had 5 spell levels left.
You knew the following spells:

 Your Spells              Type           Power        Failure   Level  Hunger
a - Flame Tongue          Conj/Fire      #####        1%          1    None
b - Conjure Flame         Conj/Fire      #####...     1%          3    ##.....
c - Inner Flame           Hex/Fire       ###.....     2%          3    ##.....
d - Sticky Flame          Conj/Fire      #####...     1%          4    ####...
e - Fireball              Conj/Fire      #####.....   4%          5    #####..


Dungeon Overview and Level Annotations

Branches:
Dungeon (8/15)             Temple (1/1) D:4
   Lair: D:8-11

Altars:
Ashenzari
Cheibriados
Dithmenos
Elyvilon
Fedhas
Gozag
Kikubaaqudgha
Makhleb
Nemelex Xobeh
Okawaru
Qazlal
Ru
Sif Muna
Trog
Vehumet
Xom
Yredelemnul
Zin

Shops:
D:6 =(   D:7 *

Annotations:
D:3 oplop's ghost, average TeAE
D:8 Maurice


Innate Abilities, Weirdness & Mutations

You can breathe blasts of fire.
Your fiery red scales are hard (AC +7).
Your body does not fit into most forms of armour.
Your flesh is heat resistant.
You are cold-blooded and may be slowed by cold attacks.


Message History

Maurice flickers and vanishes!
Deactivating autopickup; reactivate with Ctrl-A.
The orc priest mumbles some strange prayers to Beogh against you.
Something smites you!
* * * LOW HITPOINT WARNING * * *
You hear a distant slurping noise.
Your orc warrior barely misses the orc priest.
Your orc misses something.
A killer bee and an orc priest come into view.
Unknown command.
Drink which item? (? for menu, Esc to quit)
It was a potion of curing.
You feel better. You block the orc's attack.
You hear a zap.
A bolt of cold appears from out of thin air!
The bolt of cold hits you!
* * * LOW HITPOINT WARNING * * *
The orc priest barely misses your orc warrior.
The orc priest calls down the wrath of Beogh upon you.
Something smites you!
You die...

#o..#.# #...#.###
#......
+.o.+.....+.....
#...#.##.##....
#.............
+..o........o
#.<..{o...o.
#..@..o..oo#
+.........ยง+###
#..........##... .
#.y..#.###.# .8.. .
#....+.....##....##.
.....#...#..## #...
.#....#...#...#####.8
#+#...###+####........
+........


You could see a killer bee, 4 orc priests, an orc, a friendly orc warrior and 2
friendly orcs.

Vanquished Creatures
  Erica (D:8)
  A queen bee (D:8)
  Sigmund (D:4)
  Menkaure (D:6)
  Duvessa (D:4)
  A centaur (D:6)
  6 ogres
  A giant frog (D:8)
  Dowan (D:4)
  2 jellies (D:8)
  A water moccasin zombie (D:7)
  2 scorpions
  8 killer bees (D:8)
  2 hounds
  A giant frog zombie (D:7)
  3 crimson imps
  5 orc priests
  A centaur skeleton (D:6)
  A giant frog skeleton (D:8)
  An iguana (D:7)
  Jessica (D:2)
  2 orc wizards
  3 worker ants
  2 hound skeletons (D:4)
  8 gnolls
  Robin (D:4)
  2 worker ant zombies
  10 adders
  2 oozes
  4 worms
  2 giant geckos
  25 orcs
  3 ball pythons
  A bat skeleton (D:7)
  3 giant cockroaches
  23 goblins
  11 hobgoblins
  2 jackals (D:3)
  3 quokkas
  7 bats
  4 giant newts
  A jackal zombie (D:7)
  14 kobolds
  10 rats
185 creatures vanquished.

Vanquished Creatures (others)
  An orc (D:8)
1 creature vanquished.

Grand Total: 186 creatures vanquished

Notes
Turn   | Place    | Note
--------------------------------------------------------------
     0 | D:1      | oplop the Draconian Fire Elementalist began the quest for the Orb.
     0 | D:1      | Reached XP level 1. HP: 14/14 MP: 3/3
   267 | D:1      | Reached skill level 1 in Fighting
   267 | D:1      | Reached XP level 2. HP: 8/23 MP: 5/5
   554 | D:2      | HP: 1/23 [adder (1)]
   713 | D:2      | Reached XP level 3. HP: 14/28 MP: 0/6
   845 | D:2      | Learned a level 3 spell: Conjure Flame
  1360 | D:2      | Noticed Jessica
  1363 | D:2      | Killed Jessica
  1363 | D:2      | Reached XP level 4. HP: 33/36 MP: 3/7
  1902 | D:3      | Noticed oplop's ghost (average TeAE)
  2083 | D:3      | Noticed an ogre
  2090 | D:3      | Killed an ogre
  2090 | D:3      | Reached skill level 4 in Fire Magic
  2090 | D:3      | Reached XP level 5. HP: 35/45 MP: 2/9
  2095 | D:3      | Learned a level 3 spell: Inner Flame
  2189 | D:3      | Found a sacrificial altar of Ru.
  2302 | D:4      | Found an opulent altar of Gozag.
  2314 | D:4      | Found a staircase to the Ecumenical Temple.
  2373 | D:4      | Noticed Duvessa
  2374 | D:4      | Noticed Dowan
  2394 | D:4      | Killed Duvessa
  2394 | D:4      | Reached XP level 6. HP: 32/51 MP: 7/10
  2403 | D:4      | Killed Dowan
  2427 | Temple   | Entered the Ecumenical Temple
  2589 | Temple   | Became a worshipper of Vehumet
  2866 | D:4      | Got a pair of translucent gloves
  2872 | D:4      | Identified the +0 pair of gloves "Qapset" {Slay+4} (You found it on level 4 of the Dungeon)
  2951 | D:4      | Reached skill level 5 in Fire Magic
  2951 | D:4      | Your scales start taking on a fiery red colour.
  2951 | D:4      | Gained mutation: Your flesh is heat resistant. [Red Draconian growth]
  2951 | D:4      | Reached XP level 7. HP: 28/59 MP: 1/12
  3293 | D:4      | Noticed Robin
  3293 | D:4      | Killed Robin
  3363 | D:4      | Noticed Sigmund
  3396 | D:4      | Learned a level 4 spell: Sticky Flame
  3405 | D:4      | Killed Sigmund
  3405 | D:4      | Reached skill level 6 in Fire Magic
  3438 | D:4      | Acquired Vehumet's first power
  3438 | D:4      | Offered knowledge of Freeze by Vehumet.
  3486 | D:4      | Found a shadowy altar of Dithmenos.
  3746 | D:5      | Entered Level 5 of the Dungeon
  3829 | D:5      | Reached skill level 5 in Fighting
  4121 | D:5      | Reached XP level 8. HP: 68/68 MP: 14/14
  4755 | D:6      | Found Lysemp's Jewellery Shop.
  4808 | D:6      | Found Boom's Antique Weapon Shoppe.
  4978 | D:6      | Offered knowledge of Sandblast by Vehumet.
  4978 | D:6      | Reached skill level 5 in Conjurations
  5101 | D:6      | Noticed Menkaure
  5107 | D:6      | Killed Menkaure
  5162 | D:6      | Reached skill level 5 in Spellcasting
  5429 | D:6      | Reached skill level 7 in Fire Magic
  5575 | D:7      | Learned a level 5 spell: Fireball
  5579 | D:7      | Found Dosaopea's Assorted Antiques.
  5587 | D:7      | Bought a scroll labeled RAISHUI NOHU for 28 gold pieces
  6048 | D:7      | Offered knowledge of Mephitic Cloud by Vehumet.
  6607 | D:8      | Reached XP level 9. HP: 73/78 MP: 14/17
  6634 | D:8      | Noticed Erica
  6640 | D:8      | Killed Erica
  6640 | D:8      | Reached skill level 8 in Fire Magic
  6732 | D:8      | Acquired Vehumet's second power
  6967 | D:8      | Noticed a queen bee
  6973 | D:8      | Killed a queen bee
  6973 | D:8      | Reached skill level 9 in Fire Magic
  6992 | D:8      | Noticed Maurice
  6999 | D:8      | Killed from afar by an orc priest

Vault maps used:
D:1:      tarquinn_simple_flora_water_d
D:2:      hangedman_decor_riveting, uniq_jessica
D:3:      corexii_shack_village, minmay_liquid_box, lemuel_statue_altar
D:4:      old_standard_altar, grunt_gozag_statues,
          minmay_temple_entry_statues_fountains, uniq_robin, uniq_sigmund,
          uniq_duvessa
D:5:      first_bread
D:6:      serial_shops, shop, shop, uniq_menkaure
D:7:      serial_shops, shop
D:8:      nicolae_tso_besieged_by_evil, david_nohive_1, grunt_ministairs_4,
          uniq_erica, uniq_joseph, uniq_erolcha, uniq_prince_ribbit1,
          uniq_maurice
Temple:   nicolae_temple_elliptical

Action                   |  1- 3 |  4- 6 |  7- 9 || total
-------------------------+-------+-------+-------++-------
Melee: Mace              |    34 |       |       ||    34
       Short sword       |     9 |    65 |   167 ||   241
       Dagger            |       |    20 |    23 ||    43
       Trident           |       |    12 |       ||    12
       Scimitar          |       |       |     6 ||     6
 Cast: Flame Tongue      |    37 |    46 |    49 ||   132
       Inner Flame       |       |     1 |    11 ||    12
       Conjure Flame     |       |     1 |     4 ||     5
       Sticky Flame      |       |       |    13 ||    13
 Abil: Breathe Fire      |       |       |     7 ||     7
  Use: Scroll            |     4 |       |     8 ||    12
       Potion            |       |       |     1 ||     1
 Stab: Sleeping          |       |     3 |     2 ||     5
  Eat: Chunk             |     2 |     4 |    12 ||    18
       Beef jerky        |       |     1 |     1 ||     2
       Pizza             |       |       |     3 ||     3
